 Dungeon Crawl Stone Soup version 0.21.1-1-g345015fe64 (webtiles) character file.

247 Gargoyl the Skirmisher (level 5, 0/46 HPs)
             Began as a Centaur Abyssal Knight on May 9, 2018.
             Was a Priest of Lugonu.
             Slain by faram's ghost (15 damage)
             ... on level 4 of the Dungeon on May 10, 2018.
             The game lasted 00:06:28 (3362 turns).

Gargoyl the Skirmisher (Centaur Abyssal Knight)     Turns: 3362, Time: 00:06:28

Health: 0/46       AC: 10    Str: 14    XL:     5   Next: 85%
Magic:  0/7        EV:  4    Int: 11    God:    Lugonu [***...]
Gold:   210        SH:  0    Dex: 10    Spells: 4/4 levels left

rFire    . . .     SeeInvis .   a - +2 hand axe
rCold    . . .     Gourm    .   (no shield)
rNeg     . . .     Faith    .   g - +0 chain mail
rPois    .         Spirit   +   n - +1 helmet
rElec    .         Reflect  .   (no cloak)
rCorr    .         Harm     .   (no gloves)
MR       .....                  (no barding)
Stlth    ..........             d - amulet of guardian spirit
HPRegen  0.15/turn              (no ring)
MPRegen  0.10/turn              (no ring)

@: very quick
A: large, hooves 3, deformed body, speed 2, tough skin 3
a: Depart the Abyss, Bend Space, Banish, Renounce Religion


You were on level 4 of the Dungeon.
You worshipped Lugonu.
Lugonu was most pleased with you.
You were not hungry.

You visited 1 branch of the dungeon, and saw 4 of its levels.
You visited the Abyss 1 time.

You collected 210 gold pieces.

Inventory:

Hand Weapons
 a - a +2 hand axe (weapon)
Armour
 g - a +0 chain mail (worn)
 n - a +1 helmet (worn)
Jewellery
 d - an amulet of guardian spirit (around neck)
Wands
 b - a wand of paralysis (8)
 l - a wand of flame (24)
Scrolls
 e - 3 scrolls of identify
Potions
 f - a potion of resistance
 h - a potion of ambrosia
 i - a potion of lignification
 k - 2 potions of curing
 m - a potion of flight
Comestibles
 c - 8 rations


   Skills:
 + Level 3.7 Fighting
 + Level 3.3 Axes
 * Level 3.0 Armour
 + Level 1.0 Dodging
 * Level 3.2 Invocations


You had 4 spell levels left.
You didn't know any spells.

Dungeon Overview and Level Annotations

Branches:
Dungeon (4/15)
 Temple: D:4-7

Altars:
Dithmenos
Fedhas
Okawaru

Annotations:
D:4 faram's ghost, amateur GrFi


Innate Abilities, Weirdness & Mutations

You have hooves in place of feet.
Armour fits poorly on your strangely shaped body.
You cover ground very quickly.
You have extremely tough skin. (AC +3)


Message History

This raw flesh tastes terrible.
HP restored.
There is a stone staircase leading down, spattered with blood here.
You climb downwards.
Level annotation: faram's ghost, amateur GrFi Faram's ghost hits you!
There is a stone staircase leading up, spattered with blood here.
You closely miss faram's ghost.
Faram's ghost shrieks, "What do you have that I didn't have?"
Faram's ghost hits you!
Unknown command.
You hit faram's ghost but do no damage. Your kick misses faram's ghost.
Faram's ghost hits you!
You hit faram's ghost but do no damage.
Faram's ghost screams, "Don't try to defend!
You have no chance!"
Faram's ghost hits you. x2
Your chain mail prevents you from hitting faram's ghost.
Your kick misses faram's ghost. Faram's ghost barely misses you.
You hit faram's ghost but do no damage. Faram's ghost hits you!
You die...

#.# #.# ### #.# .# ..# #.#
##[# #.# #.# #.(. #.#
#[#### #... #.# #....#
#... #.#####.###....######
#..#
#........@W.........###..#
##.##..#######...........
#..# ######.###.## #..#
##.## #.# #.##
..###.?#####.#.###.# #.##
#...........###.##.# #.#.
#####..#####.#.###.# #.>.
#..# ##.####.#####. #..#
#............


You could see faram's ghost.

Vanquished Creatures
  Natasha (D:2)
  Terence (D:3)
  Robin (D:3)
  4 adders
  4 oozes (D:1)
  4 worms
  6 dart slugs
  2 leopard geckos (D:2)
  2 ball pythons (D:1)
  7 bats
  12 giant cockroaches
  13 hobgoblins
  5 jackals
  6 frilled lizards
  19 goblins
  9 kobolds
  10 rats
106 creatures vanquished.

Vanquished Creatures (others)
  2 starspawn tentacles (Abyss:1)
2 creatures vanquished.

Grand Total: 108 creatures vanquished

Notes
Turn   | Place    | Note
-------+----------+-------------------------------------------
     0 | Abyss:1  | Gargoyl the Centaur Abyssal Knight began the quest for the Orb.
     0 | Abyss:1  | Reached XP level 1. HP: 19/19 MP: 2/2
    28 | Abyss:1  | Found a corrupted altar of Lugonu.
    45 | Abyss:1  | Noticed a tentacled starspawn
    66 | Abyss:1  | Noticed a large abomination
    67 | Abyss:1  | Found an iron altar of Okawaru.
    67 | Abyss:1  | Noticed a chaos spawn
    79 | Abyss:1  | Noticed a chaos spawn
    86 | Abyss:1  | Noticed a raiju
    88 | D:1      | Escaped the Abyss
    90 | D:1      | Found a runed door.
   198 | D:1      | Reached * piety under Lugonu
   213 | D:1      | Reached XP level 2. HP: 20/26 MP: 1/3
   884 | D:1      | Reached XP level 3. HP: 31/31 MP: 4/4
   925 | D:1      | Found an iron altar of Okawaru.
  1315 | D:1      | Reached ** piety under Lugonu
  1334 | D:1      | Reached XP level 4. HP: 29/38 MP: 3/6
  1904 | D:2      | Noticed Natasha
  1913 | D:2      | Killed Natasha
  1913 | D:2      | Reached skill level 1 in Dodging
  1940 | D:2      | Found a shadowy altar of Dithmenos.
  2006 | D:2      | Reached XP level 5. HP: 43/45 MP: 7/7
  2453 | D:3      | Noticed Terence
  2470 | D:3      | Killed Terence
  2541 | D:3      | Reached *** piety under Lugonu
  2678 | D:3      | Found a blossoming altar of Fedhas.
  2688 | D:3      | Noticed Robin
  2705 | D:3      | Killed Robin
  3234 | D:4      | Noticed faram's ghost (amateur GrFi)
  3362 | D:4      | Slain by faram's ghost

Skill      XL: |  1  2  3  4  5 |
---------------+----------------+-----
Armour         | 2 3 |  3.0
Axes           | 2 3 |  3.3
Dodging        | 1 |  1.0
Invocations    | 3 |  3.2
Fighting       | |  3.7

Action                   |  1- 3 |  4- 6 || total
-------------------------+-------+-------++-------
Melee: Hand axe          |   120 |   169 ||   289
       Kick              |    22 |    36 ||    58
Invok: Depart the Abyss  |     1 |       ||     1
  Use: Scroll            |     2 |    10 ||    12
       Potion            |       |     1 ||     1
  Eat: Chunk             |       |     7 ||     7
Armor: Leather armour    |    15 |       ||    15
       Ring mail         |    57 |    43 ||   100
       Chain mail        |       |    82 ||    82
Dodge: Dodged            |    57 |    85 ||   142
